 Dungeon Crawl Stone Soup version 0.28.0-49-g6dfe1f597d (webtiles) character file.

Game seed: 3940168450120911418

4853 Zeld the Thaumaturge (level 10, -3/50 HPs)
             Began as a Deep Elf Fire Elementalist on May 19, 2022.
             Was a Believer of Vehumet.
             Slain by an orc
             ... wielding a +0 halberd
              (6 damage)
             ... in a bailey.
             The game lasted 00:10:04 (11840 turns).

Zeld the Thaumaturge (Deep Elf Fire Elementalist)  Turns: 11840, Time: 00:10:04

Health: -3/50      AC:  8    Str:  5    XL:     10   Next: 25%
Magic:  4/27       EV: 16    Int: 29    God:    Vehumet [**....]
Gold:   377        SH:  0    Dex: 15    Spells: 25/32 levels left

rFire   x . .      SeeInvis .   j - +2 falchion of Wiraebimp {drain, rElec rF- Will+ Int+4}
rCold   . . .      Faith    .   (no shield)
rNeg    . . .      Spirit   .   a - +0 robe
rPois   .          Reflect  .   o - +2 helmet
rElec   +          Harm     .   u - +0 cloak
rCorr   .          Rampage  .   q - +0 pair of gloves
Will    ++...                   A - +0 pair of boots
Stlth   ++........              (no amulet)
HPRegen 0.16/turn               l - ring of wizardry
MPRegen 0.20/turn               (no ring)

@: no status effects
A: no striking features
a: Renounce Religion


You were in a bailey.
You worshipped Vehumet.
Vehumet was pleased with you.
You visited 2 branches of the dungeon, and saw 10 of its levels.
You also visited: Ossuary and Bailey.

You collected 377 gold pieces.

Inventory:

Hand Weapons
 j - the +2 falchion of Wiraebimp (weapon) {drain, rElec rF- Will+ Int+4}
   (You found it on level 3 of the Dungeon)

   A truly terrible weapon, it drains the life of any living foe it strikes.
   Int:       It affects your intelligence (+4).
   rF:        It makes you vulnerable to fire.
   rElec:     It insulates you from electricity.
   Will:      It increases your willpower.
Armour
 a - a +0 robe (worn)
 o - a +2 helmet (worn)
 q - a +0 pair of gloves (worn)
 u - a +0 cloak (worn)
 A - a +0 pair of boots (worn)
Jewellery
 l - a ring of wizardry (left hand)
 x - a ring of resist corrosion
Wands
 s - a wand of mindburst (21)
 y - a wand of digging (9)
Scrolls
 b - 3 scrolls of teleportation {unknown}
 c - 6 scrolls of identify {unknown}
 d - 4 scrolls of amnesia {unknown}
 f - 4 scrolls of vulnerability {unknown}
 i - 2 scrolls of immolation {unknown}
 p - 3 scrolls of enchant armour {unknown}
 w - a scroll of enchant weapon {unknown}
 z - 2 scrolls of fear {unknown}
 B - a scroll of torment {unknown}
 D - a scroll of silence {unknown}
 F - a scroll of blinking {unknown}
 G - a scroll of fog {unknown}
 H - a scroll of summoning {unknown}
Potions
 e - 3 potions of cancellation {unknown}
 g - 3 potions of haste {unknown}
 h - 5 potions of curing {unknown}
 k - a potion of brilliance {unknown}
 m - 2 potions of attraction {unknown}
 n - a potion of magic {unknown}
 r - 2 potions of mutation {unknown}
 t - 2 potions of berserk rage {unknown}
 v - 2 potions of might {unknown}
 C - 2 potions of lignification {unknown}
 E - a potion of degeneration {unknown}


   Skills:
 + Level 7.8 Dodging
 - Level 2.4 Stealth
 * Level 11.8 Spellcasting
 + Level 6.7 Conjurations
 * Level 10.2 Fire Magic


You had 25 spell levels left.
You knew the following spells:

 Your Spells              Type           Power      Damage    Failure   Level
a - Foxfire               Conj/Fire      100%       2x1d9     1%          1
b - Scorch                Fire           100%       2d10      1%          2
c - Flame Wave            Conj/Fire      60%        2d12      1%          4

Your spell library contained the following spells:

 Spells                   Type           Power      Damage    Failure   Level
 Static Discharge         Conj/Air       36%        N/A       1%          2
 Apportation              Tloc           34%        N/A       1%          1
 Corpse Rot               Necr/Air       34%        N/A       1%          2
 Poisonous Vapours        Pois/Air       34%        N/A       1%          2
 Conjure Flame            Conj/Fire      60%        6-21      1%          3
 Inner Flame              Hex/Fire       46%        N/A       1%          3
 Hailstorm                Conj/Ice       36%        3d9       3%          4
 Ice Form                 Ice/Tmut       17%        N/A       12%         4
 Alistair's Intoxication  Tmut/Pois      11%        N/A       32%         5
 Simulacrum               Ice/Necr       8%         N/A       86%         6


Dungeon Overview and Level Annotations

Branches:
Dungeon (9/15)             Temple (1/1) D:7         Ossuary (visited)
 Bailey (1/1)
   Lair: D:8-11         Orc: D:9-12

Altars:
Ashenzari
Cheibriados
Dithmenos
Elyvilon
Fedhas
Gozag
Hepliaklqana
Kikubaaqudgha
Makhleb
Okawaru
Qazlal
Ru
Sif Muna
Trog
Uskayaw
Vehumet
Wu Jian
Xom
Yredelemnul
Zin
The Shining One

Shops:
D:8 :


Message History

Flames lash the orc warrior but do no damage.
The orc warrior is no longer more vulnerable to fire.
The orc warrior hits you from afar with a +0 halberd!!
Casting: Scorch (safe; 1% risk of failure)
Confirm with . or Enter, or press ? or * to list all spells.
Flames lash the orc warrior.
The orc warrior is heavily wounded.
The orc warrior's fire resistance burns away.
The orc warrior hits you from afar with a +0 halberd!
* * * LOW HITPOINT WARNING * * *
Casting: Scorch (safe; 1% risk of failure)
Confirm with . or Enter, or press ? or * to list all spells.
You don't have enough magic to cast this spell.
Casting: Scorch (safe; 1% risk of failure)
Confirm with . or Enter, or press ? or * to list all spells.
You don't have enough magic to cast this spell.
Casting: Scorch (safe; 1% risk of failure)
Confirm with . or Enter, or press ? or * to list all spells.
You don't have enough magic to cast this spell.
The orc warrior is no longer more vulnerable to fire.
You enter the shallow water.
Moving in this stuff is going to be slow.
The orc warrior no longer looks unusually strong.
An orc comes into view. It is wielding a +0 halberd.
Found a gate leading back out of this place.
You enter the shallow water.
Moving in this stuff is going to be slow.
An orc comes into view. It is wielding a +0 trident.
The orc completely misses you.
You enter the shallow water.
Moving in this stuff is going to be slow.
The orc closely misses you. The orc hits you with a +0 halberd.
* * * LOW HITPOINT WARNING * * *
The orc warrior hits you from afar with a +0 halberd.
* * * LOW HITPOINT WARNING * * *
An orc comes into view. It is wielding a +0 halberd.
The orc warrior closely misses you.
The orc splashes around in the water.
The orc shouts!
The orc hits you from afar with a +0 halberd.
You die...

##..≈≈≈≈≈≈
##..≈≈.))..
##########..≈≈..###)
#..........≈≈..## ##
#.≈≈≈≈≈≈≈≈≈≈..##.∩.#
#.≈..........##.....
#.oo#########'###+##
#.≈.## #.§.....
#.≈@.# ..≈≈≈≈≈≈
#.o≈..# ..≈≈o....
#∩.≈≈..# ......⌠∩⌠.
##.≈≈..# #..≈≈...⌠..
.≈≈..## ##..≈≈.....
#.≈..## +#..≈≈≈.≈≈
#.≈o##. #.≈.# ##


You could see an orc warrior and 3 orcs.

Vanquished Creatures
  Pikel (D:8)
  An orc knight (Bailey)
  Maggie (D:6)
  Prince Ribbit (D:6)
  Grinder (D:3)
  2 steam dragons (D:5)
  2 orc warriors (Bailey)
  A sky beast (D:6)
  3 ice beasts
  A black bear (D:5)
  2 ogres
  A necrophage (D:8)
  3 centaurs
  2 phantoms
  A lemure (D:8)
  An elf zombie (Ossuary)
  A kobold brigand (D:7)
  4 scorpions
  2 water moccasin skeletons (D:4)
  4 wights (D:4)
  8 centaur zombies (Ossuary)
  3 human zombies (Ossuary)
  2 orc priests
  5 hounds
  A bullfrog zombie (D:6)
  2 centaur skeletons
  3 bullfrog skeletons
  An iguana (D:4)
  4 orc wizards
  3 mummies (Ossuary)
  4 gnolls (D:5)
  9 adders
  A white imp (D:6)
  3 ufetubi
  An adder skeleton (D:4)
  3 worms
  4 dart slugs
  25 orcs
  5 ball pythons
  4 endoplasms
  8 giant cockroaches
  6 goblins
  8 hobgoblins
  17 jackals
  11 kobolds
  3 quokkas
  4 bats
  6 frilled lizards
  A quokka skeleton (D:4)
  4 rats
194 creatures vanquished.

Vanquished Creatures (others)
  52 foxfires
  2 fungi (D:5)
54 creatures vanquished.

Grand Total: 248 creatures vanquished

Notes
Turn   | Place    | Note
-------+----------+-------------------------------------------
     0 | D:1      | Zeld the Deep Elf Fire Elementalist began the quest for the
                  | Orb.
     0 | D:1      | Reached XP level 1. HP: 10/10 MP: 6/6
   692 | D:1      | Reached XP level 2. HP: 15/15 MP: 2/8
   695 | D:1      | Learned a level 2 spell: Scorch
  1029 | D:1      | Found a faded altar of an unknown god.
  1659 | D:2      | Reached XP level 3. HP: 17/19 MP: 7/10
  2067 | D:2      | Reached skill level 4 in Spellcasting
  2347 | D:2      | Reached XP level 4. HP: 23/24 MP: 2/12
  2520 | D:2      | Learned a level 4 spell: Flame Wave
  3125 | D:3      | Identified the +2 falchion of Wiraebimp {drain, rElec rF-
                  | Will+ Int+4}
  3495 | D:3      | Noticed an ogre
  3513 | D:3      | Killed an ogre
  3514 | D:3      | Reached skill level 5 in Spellcasting
  3514 | D:3      | Reached XP level 5. HP: 28/28 MP: 7/14
  3644 | D:3      | Found an ancient bone altar of Kikubaaqudgha.
  3676 | D:3      | Noticed a phantom
  3681 | D:3      | Killed a phantom
  3682 | D:3      | Reached skill level 5 in Fire Magic
  3682 | D:3      | Reached XP level 6. HP: 29/32 MP: 9/16
  4376 | D:3      | Noticed Grinder
  4382 | D:3      | Killed Grinder
  4383 | D:3      | Reached skill level 6 in Spellcasting
  4457 | D:3      | Reached XP level 7. HP: 36/36 MP: 13/18
  4936 | D:4      | You fall into a shaft and drop 3 floors!
  4936 | D:7      | Found a staircase to the Ecumenical Temple.
  4941 | Temple   | Entered the Ecumenical Temple
  4994 | Temple   | Became a worshipper of Vehumet
  5490 | D:6      | Reached skill level 7 in Spellcasting
  5568 | D:6      | Found a basalt altar of Yredelemnul.
  5579 | D:6      | Noticed Prince Ribbit
  5583 | D:6      | Killed Prince Ribbit
  5584 | D:6      | Reached skill level 5 in Dodging
  5584 | D:6      | Reached XP level 8. HP: 25/41 MP: 13/21
  5801 | D:5      | Entered Level 5 of the Dungeon
  5957 | D:5      | Reached skill level 8 in Spellcasting
  6330 | D:4      | Reached * piety under Vehumet
  6330 | D:4      | Offered knowledge of Magic Dart by Vehumet.
  6340 | D:4      | Reached skill level 9 in Spellcasting
  6729 | D:4      | Reached skill level 5 in Conjurations
  7355 | D:5      | Reached XP level 9. HP: 45/45 MP: 17/24
  8504 | D:6      | Noticed Maggie
  8514 | D:6      | Killed Maggie
  8515 | D:6      | Reached skill level 10 in Spellcasting
  9572 | D:7      | Found an ornate altar of the Wu Jian Council.
  9644 | D:7      | Found a broken altar of Ashenzari.
  9741 | D:7      | Found a burning altar of Makhleb.
 10203 | D:8      | Found Goaplaim's Book Shoppe.
 10223 | D:8      | Found a snail-covered altar of Cheibriados.
 10261 | D:8      | Noticed Pikel
 10278 | D:8      | Killed Pikel
 10279 | D:8      | Reached skill level 11 in Spellcasting
 10299 | D:8      | Noticed a two-headed ogre
 10313 | D:8      | Found a sand-covered staircase.
 10320 | Ossuary  | Entered an ossuary
 10360 | Ossuary  | Reached XP level 10. HP: 35/50 MP: 2/27
 10544 | Ossuary  | Offered knowledge of Static Discharge by Vehumet.
 10547 | Ossuary  | Reached ** piety under Vehumet
 10957 | D:8      | Found a white marble altar of Elyvilon.
 11294 | D:9      | Found a flagged portal.
 11314 | Bailey   | Entered a bailey
 11328 | Bailey   | Reached skill level 10 in Fire Magic
 11809 | Bailey   | Noticed an orc knight
 11824 | Bailey   | Killed an orc knight
 11840 | Bailey   | Slain by an orc

Illustrated notes

Levels and vault maps discovered:
D:1:      eino_arrival_cavern_a, layout_loops_ring,
          ebering_ecumenical_altar_sacrificial
D:2:      layout_basic, serial_corexii_hall, corexii_hall_statues_x,
          corexii_hall_statues_i, corexii_hall_statues_u,
          grunt_decor_mini_mirrors
D:3:      layout_loops_ring, kiku_gazebo_garden_becter,
          wander_ebering_terrifying_dragon_lair, uniq_grinder
D:4:      layout_cave_pods, minmay_fountain_box, roderic_nine_men_s_morris
D:5:      kennysheep_steamy, layout_basic
D:6:      layout_basic, yredelemnul_altar_generic, uniq_maggie,
          uniq_prince_ribbit1
D:7:      layout_gridville, ashenzari_altar_1, nicolae_overflow_hidden_temple,
          mainiacjoe_overflow_chevrons, minmay_temple_entry_mist, serial_rivers,
          chequers_serial_rivers_micro_d, chequers_serial_rivers_micro_a,
          chequers_serial_rivers_micro_a, chequers_serial_rivers_micro_a,
          chequers_serial_rivers_micro_e, kennysheep_nub,
          hangedman_abyss_or_decor_lesser_grid, lemuel_old_faithful
D:8:      layout_basic, mainiacjoe_overflow_cross_hatched, elyvilon_altar_1,
          serial_shops, shop, chequers_ossuary_entry_cave, uniq_pikel
D:9:      layout_loops_ring, nemelex_spade_bored_becter, david_lair_generic,
          enter_bailey_4, serial_shops, nicolae_shop_overgrown_old_shop
Temple:   jpeg_temple_clearing
Bailey:   bailey_polearm_1, bailey

Skill      XL: |  1  2  3  4  5  6  7  8  9 10 |
---------------+-------------------------------+-----
Dodging        | 3 4 5 6 7 |  7.8
Spellcasting   | 4 5 6 7 9 11 | 11.8
Fire Magic     | 4 5 6 8 9 10 | 10.2
Conjurations   | 2 3 4 5 6 |  6.7
Stealth        | |  2.4

Action                   |  1- 3 |  4- 6 |  7- 9 | 10-12 || total
-------------------------+-------+-------+-------+-------++-------
Melee: Unarmed           |    16 |     4 |       |       ||    20
       Punch             |     1 |       |       |       ||     1
       Falchion          |       |     5 |    13 |       ||    18
 Cast: Foxfire           |    37 |     2 |       |       ||    39
       Scorch            |    39 |    48 |   167 |    44 ||   298
       Flame Wave        |       |       |     4 |     4 ||     8
 Stab: Sleeping          |       |     1 |       |       ||     1
Armor: Robe              |    11 |    10 |    61 |    28 ||   110
Dodge: Dodged            |    34 |    14 |   105 |    50 ||   203
